MWL (24 & UNDER)
BEMIDJI BENDERS @ PLUMSTEAD EAGLES
08/02/2023
 
TOP OF THE 1ST
Bemidji Benders batting - Pitching for Plumstead Eagles : LHP Stu McGuire
Pitching: LHP Stu McGuire
Batting: RHB António López 0-0: Ball
1-0: SINGLE (Groundball, 6MD)
Batting: RHB Juan Costello 0-0: Ball
1-0: Called Strike
1-1: Ball
2-1: Ball
3-1: Called Strike
Error on foul ball, E2
3-2: Strikes out swinging
Batting: SHB Edgardo Osorio 0-0: Foul Ball, location: 2F
0-1: Ball
1-1: Ball
António López is caught stealing 2nd base
2-1: Ball
3-1: Foul Ball, location: 2F
3-2: Strikes out swinging
Top of the 1st over - 0 run(s), 1 hit(s), 1 error(s), 0 left on base; Bemidji 0 - Plumstead 0
BOTTOM OF THE 1ST
Plumstead Eagles batting - Pitching for Bemidji Benders : RHP David Nanod
Pitching: RHP David Nanod
Batting: RHB Tim Gardner 0-0: Fly out, F9 (Flyball, 89M)
Batting: RHB Norogumi Tanaka 0-0: Called Strike
0-1: Ball
1-1: Swinging Strike
1-2: SINGLE (Flyball, 7LS)
Batting: LHB Eduardo Rodríguez 0-0: Ball
1-0: Fly out, F7 (Flyball, 78M)
Batting: RHB Germano Labrego 0-0: Called Strike
0-1: Fly out, F8 (Line Drive, 8LM)
Bottom of the 1st over - 0 run(s), 1 hit(s), 0 error(s), 1 left on base; Bemidji 0 - Plumstead 0
TOP OF THE 2ND
Bemidji Benders batting - Pitching for Plumstead Eagles : LHP Stu McGuire
Batting: RHB Alfredo López 0-0: Ground out 4-3 (Groundball, 4M)
Batting: RHB Ángel Garza 0-0: Swinging Strike
0-1: Ball
1-1: Ball
2-1: SINGLE (Line Drive, 8RS)
Batting: RHB George Cox 0-0: Ball
1-0: Ball
Ángel Garza steals 2nd base
2-0: Ball
3-0: Called Strike
3-1: Base on Balls
Batting: RHB Roberto Solís 0-0: Ball
1-0: Swinging Strike
1-1: Ball
2-1: Called Strike
2-2: Grounds into double play, 4-6-3 (Groundball, 4)
Top of the 2nd over - 0 run(s), 1 hit(s), 0 error(s), 1 left on base; Bemidji 0 - Plumstead 0
BOTTOM OF THE 2ND
Plumstead Eagles batting - Pitching for Bemidji Benders : RHP David Nanod
Batting: SHB Nate Rhodes 0-0: Called Strike
0-1: Foul Ball, location: 2F
0-2: Ball
1-2: Ball
2-2: Ball
3-2: Base on Balls
Batting: RHB Juan Magdayao 0-0: Called Strike
0-1: Ball
1-1: Ball
2-1: Swinging Strike
2-2: Ball
3-2: SINGLE (Groundball, 13) (infield hit)
Nate Rhodes to second
Batting: RHB J.J. Leslie 0-0: Called Strike
0-1: Hit by Pitch
Nate Rhodes to third
Juan Magdayao to second
Batting: RHB Donald Sanford 0-0: Ball
1-0: Called Strike
1-1: Called Strike
1-2: Ball
2-2: Ball
3-2: Strikes out swinging
Batting: LHB Richard Henry 0-0: Fly out, F8 (Popup, 4MD)
Batting: RHB Tim Gardner 0-0: Called Strike
0-1: Ball
1-1: Ball
2-1: Foul Ball, location: 2F
2-2: Fly out, F6 (Popup, 6M)
Bottom of the 2nd over - 0 run(s), 1 hit(s), 0 error(s), 3 left on base; Bemidji 0 - Plumstead 0
TOP OF THE 3RD
Bemidji Benders batting - Pitching for Plumstead Eagles : LHP Stu McGuire
Batting: RHB Júlio Valdés 0-0: Swinging Strike
0-1: Foul Ball, location: 2F
0-2: Foul Ball, location: 2F
0-2: Ball
1-2: Strikes out swinging
Batting: SHB José Cruz 0-0: Foul Ball, location: 2F
0-1: Called Strike
0-2: Foul Ball, location: 2F
0-2: Ball
1-2: Strikes out swinging
Batting: RHB António López 0-0: Called Strike
0-1: Called Strike
0-2: Strikes out looking
Top of the 3rd over - 0 run(s), 0 hit(s), 0 error(s), 0 left on base; Bemidji 0 - Plumstead 0
BOTTOM OF THE 3RD
Plumstead Eagles batting - Pitching for Bemidji Benders : RHP David Nanod
Batting: RHB Norogumi Tanaka 0-0: Called Strike
0-1: Ball
1-1: Foul Ball, location: 2F
1-2: Ball
2-2: Strikes out swinging
Batting: LHB Eduardo Rodríguez 0-0: Swinging Strike
0-1: Swinging Strike
0-2: Strikes out swinging
Batting: RHB Germano Labrego 0-0: Called Strike
0-1: Ball
1-1: Foul Ball, location: 2F
1-2: Ball
2-2: Foul Ball, location: 2F
2-2: Strikes out swinging
Bottom of the 3rd over - 0 run(s), 0 hit(s), 0 error(s), 0 left on base; Bemidji 0 - Plumstead 0
TOP OF THE 4TH
Bemidji Benders batting - Pitching for Plumstead Eagles : LHP Stu McGuire
Batting: RHB Juan Costello 0-0: Ground out 4-3 (Groundball, 4)
Batting: SHB Edgardo Osorio 0-0: Ball
1-0: Called Strike
1-1: Swinging Strike
1-2: Ball
2-2: Ball
3-2: Foul Ball, location: 2F
3-2: Foul Ball, location: 2F
3-2: Strikes out swinging
Batting: RHB Alfredo López 0-0: DOUBLE (Flyball, 89XD)
Batting: RHB Ángel Garza 0-0: Called Strike
0-1: SINGLE (Groundball, 4MD) (infield hit)
Alfredo López to third
Batting: RHB George Cox 0-0: Called Strike
0-1: Ground out 4-3 (Groundball, 4)
Top of the 4th over - 0 run(s), 2 hit(s), 0 error(s), 2 left on base; Bemidji 0 - Plumstead 0
BOTTOM OF THE 4TH
Plumstead Eagles batting - Pitching for Bemidji Benders : RHP David Nanod
Batting: SHB Nate Rhodes 0-0: Ball
1-0: Swinging Strike
1-1: Foul Ball, location: 2F
1-2: Ground out 4-3 (Groundball, 4)
Batting: RHB Juan Magdayao 0-0: Foul Ball, location: 2F
0-1: Foul Ball, location: 2F
0-2: Strikes out swinging
Batting: RHB J.J. Leslie 0-0: Fly out, F8 (Flyball, 89D)
Bottom of the 4th over - 0 run(s), 0 hit(s), 0 error(s), 0 left on base; Bemidji 0 - Plumstead 0
TOP OF THE 5TH
Bemidji Benders batting - Pitching for Plumstead Eagles : LHP Stu McGuire
Batting: RHB Roberto Solís 0-0: Called Strike
0-1: Ball
1-1: Ground out 2-3 (Groundball, 2R)
Batting: RHB Júlio Valdés 0-0: Called Strike
0-1: Foul Ball, location: 2F
0-2: Ground out 4-3 (Groundball, 34)
Batting: SHB José Cruz 0-0: Ground out 4-3 (Groundball, 4)
Top of the 5th over - 0 run(s), 0 hit(s), 0 error(s), 0 left on base; Bemidji 0 - Plumstead 0
BOTTOM OF THE 5TH
Plumstead Eagles batting - Pitching for Bemidji Benders : RHP David Nanod
Batting: RHB Donald Sanford 0-0: SOLO HOME RUN (Flyball, 78XD), Distance : 411 ft
Batting: LHB Richard Henry 0-0: Ball
1-0: DOUBLE (Flyball, 78XD)
Batting: RHB Tim Gardner 0-0: Called Strike
0-1: Ground out 6-3 (Groundball, 6)
Richard Henry to third
Batting: RHB Norogumi Tanaka 0-0: Called Strike
0-1: Fly out, F8 (Flyball, 89M)
Runner from 3rd tags up, SCORES, no throw
Batting: LHB Eduardo Rodríguez 0-0: Ball
1-0: Called Strike
1-1: Fly out, F7 (Popup, 7S)
Bottom of the 5th over - 2 run(s), 2 hit(s), 0 error(s), 0 left on base; Bemidji 0 - Plumstead 2
TOP OF THE 6TH
Bemidji Benders batting - Pitching for Plumstead Eagles : LHP Stu McGuire
Batting: RHB António López 0-0: SINGLE (Line Drive, 78M)
Batting: RHB Juan Costello 0-0: Foul Ball, location: 2F
0-1: DOUBLE (Line Drive, 7M)
António López to third
Runner from 3rd tries for Home, SAFE, no throw or cutoff
Batting: SHB Edgardo Osorio 0-0: Called Strike
0-1: Ball
1-1: Ball
2-1: Called Strike
2-2: Strikes out swinging
Batting: RHB Alfredo López 0-0: Called Strike
0-1: Ball
1-1: Foul Ball, location: 2F
1-2: Ball
2-2: Ball
3-2: Foul Ball, location: 2F
3-2: Base on Balls
Batting: RHB Ángel Garza 0-0: Ball
Juan Costello steals 3rd base
Alfredo López to second
1-0: Foul Ball, location: 2F
1-1: Swinging Strike
1-2: Ball
2-2: Ground out 6-3 (Groundball, 6M)
Batting: RHB George Cox 0-0: Ball
1-0: Called Strike
1-1: Called Strike
1-2: Ball
2-2: Strikes out swinging
Top of the 6th over - 1 run(s), 2 hit(s), 0 error(s), 2 left on base; Bemidji 1 - Plumstead 2
BOTTOM OF THE 6TH
Plumstead Eagles batting - Pitching for Bemidji Benders : RHP David Nanod
Batting: RHB Germano Labrego 0-0: Ball
1-0: Called Strike
1-1: Ball
2-1: DOUBLE (Flyball, 78XD)
Batting: SHB Nate Rhodes 0-0: Foul Ball, location: 2F
0-1: Ball
1-1: Ball
2-1: Ball
3-1: Foul Ball, location: 2F
3-2: Base on Balls
Batting: RHB Juan Magdayao 0-0: Swinging Strike
0-1: Swinging Strike
0-2: Strikes out swinging
Batting: RHB J.J. Leslie 0-0: Fly out, F7 (Flyball, 78M)
Batting: RHB Donald Sanford 0-0: Called Strike
0-1: Ball
1-1: Ball
2-1: Called Strike
2-2: Foul Ball, location: 2F
2-2: Ball
3-2: Base on Balls
Germano Labrego to third
Nate Rhodes to second
Pitching: RHP Mark Anderson
Batting: LHB Richard Henry 0-0: Called Strike
0-1: Ball
1-1: Foul Ball, location: 2F
1-2: Ball
2-2: Strikes out looking
Bottom of the 6th over - 0 run(s), 1 hit(s), 0 error(s), 3 left on base; Bemidji 1 - Plumstead 2
TOP OF THE 7TH
Bemidji Benders batting - Pitching for Plumstead Eagles : LHP Stu McGuire
Pitching: LHP Dave Watkins
Batting: RHB Roberto Solís 0-0: Swinging Strike
0-1: Ball
1-1: Ball
2-1: Ball
3-1: Called Strike
3-2: Strikes out swinging
Batting: RHB Júlio Valdés 0-0: Foul Ball, location: 2F
0-1: Swinging Strike
0-2: Foul Ball, location: 2F
0-2: Ball
1-2: Strikes out swinging
Batting: SHB José Cruz 0-0: Called Strike
0-1: Fly out, F8 (Flyball, 8LM)
Top of the 7th over - 0 run(s), 0 hit(s), 0 error(s), 0 left on base; Bemidji 1 - Plumstead 2
BOTTOM OF THE 7TH
Plumstead Eagles batting - Pitching for Bemidji Benders : RHP Mark Anderson
Batting: RHB Tim Gardner 0-0: Foul Ball, location: 2F
0-1: Called Strike
0-2: Ball
1-2: Fly out, F9 (Flyball, 89M)
Batting: RHB Norogumi Tanaka 0-0: Ball
1-0: Foul Ball, location: 2F
1-1: Ball
2-1: Swinging Strike
2-2: Strikes out swinging
Batting: LHB Eduardo Rodríguez 0-0: Foul Ball, location: 2F
0-1: SOLO HOME RUN (Flyball, 9LD), Distance : 372 ft
Batting: RHB Germano Labrego 0-0: Ball
1-0: Ball
2-0: Foul Ball, location: 2F
2-1: Called Strike
2-2: Foul Ball, location: 2F
2-2: Foul Ball, location: 2F
2-2: Ground out 5-3 (Groundball, 56)
Bottom of the 7th over - 1 run(s), 1 hit(s), 0 error(s), 0 left on base; Bemidji 1 - Plumstead 3
TOP OF THE 8TH
Bemidji Benders batting - Pitching for Plumstead Eagles : LHP Dave Watkins
Batting: RHB António López 0-0: Ball
1-0: Foul Ball, location: 2F
1-1: Foul Ball, location: 2F
1-2: Foul Ball, location: 2F
1-2: Foul Ball, location: 2F
1-2: Ball
2-2: Foul Ball, location: 2F
2-2: Ball
3-2: Base on Balls
Batting: RHB Juan Costello 0-0: Ball
1-0: SINGLE (Line Drive, 8LS)
António López to second
Pitching: LHP Pat Bruce
Batting: SHB Edgardo Osorio 0-0: Ground out 5-3 (Groundball, 56S)
António López to third
Juan Costello to second
Pitching: RHP Coy Torres
Batting: RHB Alfredo López 0-0: Swinging Strike
0-1: Ball
1-1: Swinging Strike
1-2: Strikes out swinging
Batting: RHB Ángel Garza 0-0: Ball
1-0: Swinging Strike
1-1: Foul Ball, location: 2F
1-2: Strikes out swinging
Top of the 8th over - 0 run(s), 1 hit(s), 0 error(s), 2 left on base; Bemidji 1 - Plumstead 3
BOTTOM OF THE 8TH
Plumstead Eagles batting - Pitching for Bemidji Benders : RHP Mark Anderson
Batting: SHB Nate Rhodes 0-0: Ball
1-0: Fly out, F7 (Flyball, 78S)
Batting: RHB Juan Magdayao 0-0: Foul Ball, location: 2F
0-1: Ball
1-1: Ball
2-1: Ball
3-1: Fly out, F9 (Flyball, 89M)
Batting: RHB J.J. Leslie 0-0: Ball
1-0: Swinging Strike
1-1: SINGLE (Line Drive, 6MD)
Batting: RHB Donald Sanford 0-0: Ball
1-0: Ball
2-0: Ball
3-0: Called Strike
3-1: Base on Balls
J.J. Leslie to second
Batting: LHB Richard Henry 0-0: Ball
1-0: Called Strike
1-1: Ball
2-1: Fly out, F7 (Flyball, 78M)
Bottom of the 8th over - 0 run(s), 1 hit(s), 0 error(s), 2 left on base; Bemidji 1 - Plumstead 3
TOP OF THE 9TH
Bemidji Benders batting - Pitching for Plumstead Eagles : RHP Coy Torres
Pitching: RHP Jeremy Murray
Now at SS: Pablo Villarreal
Batting: RHB George Cox 0-0: Ball
1-0: Ball
2-0: Called Strike
2-1: Foul Ball, location: 2F
2-2: Foul Ball, location: 2F
2-2: Strikes out swinging
Batting: RHB Roberto Solís 0-0: Foul Ball, location: 2F
0-1: Called Strike
0-2: Ball
1-2: Ball
2-2: Foul Ball, location: 2F
2-2: Ball
3-2: Foul Ball, location: 2F
3-2: Base on Balls
Pinch Hitting: RHB Gabriel Stout 0-0: Called Strike
0-1: Fly out, F9 (Flyball, 89M)
Batting: SHB José Cruz 0-0: Ball
1-0: Swinging Strike
1-1: Ball
Passed Ball!
Roberto Solís to second
2-1: Swinging Strike
2-2: Foul Ball, location: 2F
2-2: Strikes out looking
Top of the 9th over - 0 run(s), 0 hit(s), 0 error(s), 1 left on base; Bemidji 1 - Plumstead 3
This league is powered by Out of the Park Baseball, the baseball management simulation game for PC, Mac and Linux
Wednesday, December 2nd, 2015 - OOTP Baseball 16.8 Build 38